 Dungeon Crawl Stone Soup version 0.32-a0-422-g28b100f618 (webtiles) character file.

Game seed: 13540756863814232986

5 Bravepunisher the Changeling (level 1, -5/10 HPs)
             Began as a Spriggan Shapeshifter on Feb 21, 2024.
             Shot with an arrow by a centaur (15 damage)
             ... on level 6 of the Dungeon.
             The game lasted 00:01:05 (283 turns).

Bravepunisher the Changeling (Spriggan Shapeshifter) Turns: 283, Time: 00:01:06

Health: -5/10      AC:  2    Str: 10    XL:     1   Next: 66%
Magic:  2/2        EV: 17    Int: 11    God:
Gold:   15         SH:  0    Dex: 14    Spells: 0/0 levels left

rFire   . .          .
                       - Unarmed
rCold   . . .        (no shield)
rNeg    . . .        a - +0 animal skin
rPois   .            (helmet currently unavailable)
rElec   .            (cloak currently unavailable)
rCorr   .            (gloves unavailable)
SInv    +            (boots unavailable)
Will    .....        (no amulet)
Stlth   +            (no ring)
HPRegen 0.21/turn    (no ring)
MPRegen 0.08/turn

%: no passive effects
@: beast-form, very quick
A: beast (slay +2), very small, no large weapons, unfitting armour, see
invisible, speed 3
a: Begin Untransformation


You were on level 6 of the Dungeon.
You were a hulking beast.
You visited 1 branch of the dungeon, and saw 6 of its levels.

You collected 15 gold pieces.

Inventory:

Armour
 a - a +0 animal skin (worn)
Talismans
 c - a beast talisman (active)
 d - a flux talisman
Scrolls
 e - 2 scrolls of identify {unknown}
 f - a scroll of teleportation {unknown}
Potions
 b - a potion of lignification


   Skills:
 + Level 1.0 Fighting
 + Level 2.9 Dodging
 - Level 2.4 Unarmed Combat
 * Level 4.2 Shapeshifting


You couldn't memorise any spells.
You didn't know any spells.
Your spell library was empty.

Dungeon Overview and Level Annotations

Branches:
Dungeon (6/15)
 Temple: D:4-7

Altars:
Vehumet

Annotations:
D:6 Prince Ribbit


Innate Abilities, Weirdness & Mutations

You are a hulking beast.
Your limbs bulge with bestial killing power. (Slay +2)
You are very small and have problems with some larger weapons.
You are too small for most types of armour.
You have supernaturally acute eyesight. (SInv)
You cover ground extremely quickly. (Speed+++)


Message History

You hit the endoplasm.
You kill the endoplasm!
Your Fighting skill increases to level 1!
Found a scroll labelled QIEBIN EJEOKK.
e - 2 scrolls labelled GIEWOAVV JERARO (gained 1) HP restored.
f - a scroll labelled QIEBIN EJEOKK
Found a trident.
A black bear comes into view.
The black bear growls angrily.
Found 2 fuming puce potions and a stone.
Found an escape hatch in the floor.
Found a stone staircase leading up.
There is an escape hatch in the floor here.
You slide downwards.
The hatch slams shut behind you.
A sleepcap comes into view.
An orc priest and 3 orcs come into view.
The orc shouts! x2; The orc priest shouts!
The orc closely misses you.
Found a chain mail.
Found 16 gold pieces.
You open the door.
There is an open door here.
You close the door.
Found a stone staircase leading down.
Found 13 gold pieces.
There is a stone staircase leading down here.
You climb downwards.
There is a stone staircase leading up here.
Found a glowing long sword.
Prince Ribbit gives a loud, deep croak!
A centaur comes into view.
You see here a +1 long sword of flaming.
The centaur shouts!
The centaur wields a +0 shortbow.
The centaur shoots an arrow.
The arrow completely misses you.
Prince Ribbit blinks!
The centaur shoots an arrow.
The arrow hits you!
Ouch! That really hurt!
You die...

#.#
#.#
#.#
#.#
#c#
###.#
#F.)#
#.###
#h#
#ยง#
#.#
#.#
#.#
..#
#.#
..#


You could see Prince Ribbit and a centaur.

Vanquished Creatures
  A bat (D:3)
  An endoplasm (D:4)
  A rat (D:1)
3 creatures vanquished.

Notes
Turn   | Place    | Note
-------+----------+-------------------------------------------
     0 | D:1      | Bravepunisher the Spriggan Shapeshifter began the quest for
                  | the Orb.
     0 | D:1      | Reached XP level 1. HP: 9/9 MP: 2/2
   143 | D:3      | Noticed a bombardier beetle
   144 | D:3      | Found a radiant altar of Vehumet.
   182 | D:4      | Reached skill level 1 in Fighting
   208 | D:4      | Noticed a black bear
   222 | D:5      | Entered Level 5 of the Dungeon
   237 | D:5      | Noticed a sleepcap
   243 | D:5      | Noticed an orc priest
   276 | D:6      | Noticed Prince Ribbit
   279 | D:6      | Noticed a centaur
   283 | D:6      | Shot with an arrow by a centaur

Illustrated notes

Levels and vault maps discovered:
D:1:      dpeg_arrival_snail, layout_loops_ring, ebering_ecumenical_altar_rust
D:2:      layout_rooms, basic_altar, minmay_goblin_outpost
D:3:      layout_basic, mainiacjoe_overflow_brackets,
          mainiacjoe_overflow_alcove_4, uniq_crazy_yiuf_cottage
D:4:      layout_loops_cross, tgw_trog, nicolae_shop_self_help, uniq_pikel
D:5:      layout_loops_corners, gammafunk_temple_overflow_elements
D:6:      layout_loops_ring, gammafunk_temple_overflow_pools, temple_hall,
          nicolae_water_bricks, chequers_arboretum, uniq_prince_ribbit1,
          uniq_sigmund

Skill      XL: |  1 |
---------------+----+-----
Fighting       | 1 |  1.0
Dodging        | |  2.9
Unarmed Combat | |  2.4
Shapeshifting  | |  4.2

Action                     || total
---------------------------++-------
  Melee: Unarmed           ||     4
 Armour: Animal skin       ||     5
  Dodge: Dodged            ||    11

Table legend: (Time is in decaauts)
 A = Elapsed time spent in this place.
 B = Non-inter-level travel time spent in this place.
 C = Inter-level travel time spent in this place.
 D = Time resting spent in this place.
 E = Time spent auto-exploring this place.
 F = Levels seen in this place.
 G = Mean time per level.
                   A        B        C        D        E       F      G
               +--------+--------+--------+--------+--------+-----+--------+
         Total |    179 |    179 |      0 |      0 |     68 |   6 |   29.8 |
       Dungeon |    179 |    179 |      0 |      0 |     68 |   6 |   29.8 |
               +--------+--------+--------+--------+--------+-----+--------+

Top non-repeatable levels by time:
     D:3: 50 daAuts
     D:1: 41 daAuts
     D:4: 35 daAuts
     D:5: 33 daAuts
     D:2: 13 daAuts
     D:6: 4 daAuts
